 Dungeon Crawl Stone Soup version 0.17-a0-1504-gb7d9117 (webtiles) character file.

1721850 comborobin the Formicid Arbalest (level 27, 210/210 HPs)
             Began as a Formicid Arcane Marksman on July 7, 2015.
             Was an Initiate of Gozag.
             Escaped with the Orb
             ... and 3 runes on July 8, 2015!
             The game lasted 10:24:07 (69849 turns).

comborobin the Formicid Arbalest (FoAM)            Turns: 69849, Time: 10:24:07

Health: 210/210    AC: 28    Str: 25    XL:     27
Magic:  38/41      EV: 20    Int: 25    God:    Gozag
Gold:   12086      SH: 29    Dex: 21    Spells: 14 memorised, 4 levels left

rFire  + + +     SeeInvis +     a - +9 triple crossbow (velocity)
rCold  + . .     Clarity  .     d - +5 scale mail {rF+}
rNeg   + . .     SustAt   .     P - +8 large shield {rC+ rF+} {rC+, rF+}
rPois  +         Gourm    .     (helmet unavailable)
rElec  +         Spirit   .     k - +2 cloak {rPois}
rCorr  .         Warding  .     I - +2 pair of fencer's gloves {LBl+4 SBl+4 EV+3 Dex+6}
rMut   +         Stasis   +     O - +2 pair of boots {run} {Speed+}
MR     +++..                    z - amulet of resist mutation
Stlth  +.........               H - ring "Jeah" {rElec MR+ Str+3 Dex+3}
                                B - ring "Zumumy" {rF+ rN+ Int+5}

@: very slightly contaminated, repel missiles, quick, extremely resistant to
hostile enchantments, very unstealthy
A: permanent stasis, dig shafts and tunnels, four strong arms, antennae 3, thin
skeletal structure 1, mutation resistance 1
a: Dig, Shaft Self, Potion Petition, Call Merchant, Bribe Branch, Renounce
Religion
0: Orb of Zot
}: 3/15 runes: barnacled, slimy, gossamer


You escaped.
You worshipped Gozag.
Gozag was noncommittal.
You were not hungry.

You visited 12 branches of the dungeon, and saw 62 of its levels.
You visited 2 bazaars.
You also visited: Labyrinth, Ice Cave and Wizlab.

You collected 37093 gold pieces.
You spent 16267 gold pieces at shops.
You paid 8740 gold pieces to Gozag.

Inventory:

Hand weapons
 a - a +9 triple crossbow of velocity (weapon)
 b - a +4 bardiche of electrocution
Missiles
 e - 59 bolts of flame (quivered)
 i - 537 bolts
 m - 37 bolts of penetration
 x - 13 silver bolts
 M - 27 steel bolts
Armour
 c - the +4 dragonskin cloak
   (You took it off Tiamat on level 2 of the Realm of Zot)
 d - a +5 scale mail of fire resistance (worn)
 k - a +2 cloak of poison resistance (worn)
 I - the +2 pair of fencer's gloves (worn) {LBl+4 SBl+4 EV+3 Dex+6}
   (You found it on level 3 of the Elven Halls)

   It affects your evasion (+3).
   It affects your dexterity (+6).
 O - a +2 pair of boots of running (worn) {Speed+}
 P - a +8 large shield of resistance (worn) {rC+, rF+}
 T - the +4 moon troll leather armour {Spirit, Regen++ MP+5, regen}
   (You took it off a moon troll in a wizard's laboratory)

   It affects your magic capacity (+5).
   It increases your rate of regeneration.
Jewellery
 v - an uncursed amulet of regeneration
 w - an uncursed amulet of resist corrosion
 z - an amulet of resist mutation (around neck)
 B - the ring "Zumumy" (left hand) {rF+ rN+ Int+5}
   (You bought it in a shop on level 4 of the Orcish Mines)

   [ring of protection from fire]

   It affects your intelligence (+5).
   It protects you from fire.
   It protects you from negative energy.
 H - the ring "Jeah" (right hand) {rElec MR+ Str+3 Dex+3}
   (You bought it in a shop on level 4 of the Orcish Mines)

   [ring of strength]

   It affects your strength (+3).
   It affects your dexterity (+3).
   It insulates you from electricity.
   It affects your resistance to hostile enchantments.
Magical devices
 F - a wand of heal wounds (4)
 S - a wand of digging (14)
Scrolls
 f - 15 scrolls of fog
 g - 10 scrolls of fear
 l - 6 scrolls of magic mapping {!r}
 p - 10 scrolls of immolation {!r}
 u - 15 scrolls of recharging
 E - 4 scrolls of vulnerability {!r!r}
 K - 6 scrolls of holy word {!r}
 R - 22 scrolls of remove curse
 V - a scroll of summoning
 W - 16 scrolls of identify
 X - 3 scrolls of silence
Potions
 h - 6 potions of agility
 j - 4 potions of might
 n - 4 potions of magic
 q - 6 potions of cancellation
 r - 31 potions of curing
 t - 7 potions of resistance
 y - 11 potions of heal wounds
 C - 6 potions of ambrosia {!q}
 G - 3 potions of cure mutation {!q}
 J - 10 potions of brilliance
Miscellaneous
 A - a legendary deck of defence {the Tomb}
 D - an ornate deck of summoning {the Dance, drawn: 4}
 N - a fan of gales
 U - a lamp of fire
 Y - a phial of floods
 Z - a legendary deck of wonders {Wild Magic}
Comestibles
 o - 19 bread rations
 Q - 25 fruits


   Skills:
 + Level 15.9 Fighting
 - Level 15.3 Polearms
 O Level 27 Crossbows
 + Level 19.6 Armour
 - Level 8.3 Dodging
 - Level 2.0 Stealth
 - Level 15.0 Shields
 - Level 14.1 Spellcasting
 + Level 24.6 Hexes
 - Level 3.5 Charms
 - Level 2.5 Air Magic
 - Level 5.4 Evocations


You had 4 spell levels left.
You knew the following spells:

 Your Spells              Type           Power        Failure   Level  Hunger
c - Confuse               Hex            #######.     0%          3    None
d - Tukima's Dance        Hex            #######.     0%          3    None
g - Repel Missiles        Chrm/Air       ####..       2%          2    None
i - Invisibility          Hex            #######.     1%          6    ####...
n - Swiftness             Chrm/Air       ####....     2%          2    None
p - Apportation           Tloc           ###.......   6%          1    None
r - Regeneration          Chrm/Necr      ####......   10%         3    None
s - Stoneskin             Trmt/Erth      ###.....     10%         2    None
u - Control Undead        Necr           ###.......   56%         4    None
D - Discord               Hex            #######...   1%          8    #######
F - Cause Fear            Hex            #######...   0%          4    None
G - Passage of Golubria   Tloc           N/A          56%         4    None
S - Silence               Hex/Air        ######....   1%          5    ##.....
T - Portal Projectile     Tloc           ###...       17%         3    None


Dungeon Overview and Level Annotations

Branches:
Dungeon (15/15)            Temple (1/1) D:7            Lair (8/8) D:8
 Shoals (4/4) Lair:6       Spider (4/4) Lair:6        Slime (6/6) Lair:8
    Orc (4/4) D:9             Elf (3/3) Orc:3        Vaults (4/5) D:13
   Tomb (0/3) Crypt:3      Depths (5/5) D:15            Zot (5/5) Depths:5
  Crypt: Vaults:2-3

Altars:
Ashenzari
Cheibriados
Dithmenos
Elyvilon
Fedhas
Gozag
Kikubaaqudgha
Makhleb
Nemelex Xobeh
Okawaru
Qazlal
Ru
Sif Muna
Trog
Vehumet
Xom
Yredelemnul
Zin
The Shining One
Beogh
Jiyva

Shops:
D:10 %(   D:11 ?   D:12 :   D:14 ?   D:15 :   Orc:2 =   Orc:3 :   Orc:4 *=[=!
Elf:2 :   Shoals:2 ???::   Vaults:1 }[   Vaults:2 %   Vaults:3 ?   Vaults:4 !

Portals:
Hell: Depths:1 Depths:2 Depths:3 Depths:4 Depths:5
Abyss: Depths:3 Depths:4 Depths:5
Pandemonium: Depths:1 Depths:3 Depths:5
Ziggurat: Depths:4

Annotations:
D:7 exclusion: oklob plant


Innate Abilities, Weirdness & Mutations

You are under a permanent stasis effect.
You can dig through walls and to a lower floor.
Your four strong arms can wield two-handed weapons with a shield.
You have a pair of large antennae on your head (SInv).
You have a somewhat thin skeletal structure (Dex +2, Stealth).
You are somewhat resistant to further mutation.


Message History

6 gold pieces; a bolt of flame You see here a stone.
A blizzard demon and a blood saint come into view.
You block the blizzard demon's attack. x2
There is a stone staircase leading up here.
The torturous blood saint flies into a frenzy!
The blizzard demon resists with almost no effort.
The torturous blood saint hits the blizzard demon with a dagger!
The blizzard demon gestures at you. The bolt of cold hits you! You resist.
The torturous blood saint is distracted by the nearby gold.
You take 5 damage, and have 205/210 hp.
You now have 33/41 mp.
Aim: a blizzard demon (lightly wounded)
You shoot a bolt of flame.
The bolt of flame hits the blizzard demon!!
The bolt of flame burns the blizzard demon!
The blizzard demon waves its arms in wide circles.
The air twists around and strikes you!
You take 5 damage, and have 200/210 hp.
Unknown command.
Unknown command.
You block the blizzard demon's attack. x2
You climb upwards.
There is a stone staircase leading down here.
Unknown command.
Unknown command.
The blizzard demon gestures at you. The bolt of lightning hits you! You resist.
You take 5 damage, and have 196/210 hp.
The torturous blood saint is no longer distracted by gold.
The blizzard demon gestures at you. The freezing blast misses you.
Things that are here:
a stone; a ring mail; a club Unknown command.
You are engulfed in freezing vapours.
You resist.
The torturous blood saint hits the blizzard demon with a dagger.
The blizzard demon hits the torturous blood saint.
The blizzard demon closely misses the torturous blood saint.
The torturous blood saint hits the blizzard demon but does no damage.
You take 4 damage, and have 192/210 hp.
Unknown command.
You are engulfed in freezing vapours.
You resist.
The torturous blood saint closely misses the blizzard demon.
The blizzard demon hits the torturous blood saint!
The blizzard demon misses the torturous blood saint.
You take 5 damage, and have 187/210 hp.
Unknown command.
The torturous blood saint hits the blizzard demon but does no damage.
The blizzard demon is struck by the torturous blood saint's spines.
The blizzard demon closely misses the torturous blood saint.
The blizzard demon hits the torturous blood saint.
The torturous blood saint closely misses the blizzard demon.
The blizzard demon is struck by the torturous blood saint's spines.
The blizzard demon hits the torturous blood saint.
The blizzard demon completely misses the torturous blood saint.
The torturous blood saint hits the blizzard demon but does no damage.
Unknown command.
The torturous blood saint hits the blizzard demon but does no damage.
The blizzard demon closely misses the torturous blood saint.
The blizzard demon hits the torturous blood saint!
You feel a bit more experienced.
There is a stone staircase leading up here.
Unknown command.
You climb upwards.
There is a stone staircase leading down here.
You see here a dagger.
Unknown command.
You miscast Regeneration.
You are very lightly contaminated with residual magic.
You feel very uncomfortable.
You now have 34/41 mp.
You miscast Regeneration.
You now have 31/41 mp.
Your skin crawls.
You regained 2 hp, and now have 192/210 hp.
You now have 28/41 mp.
Unknown command.
You regained 2 hp, and now have 196/210 hp.
You regained 2 hp, and now have 200/210 hp.
Your skin is crawling a little less now.
You regained 2 hp, and now have 204/210 hp.
You regained 2 hp, and now have 209/210 hp.
Health restored: 210 Your skin stops crawling.
A soul eater comes into view.
The soul eater is distracted by your gold.
A tormentor comes into view.
You extend your mandibles.
You dig through the rock wall.
You dig through the rock wall.
Unknown command.
You dig through the rock wall.
You dig through the rock wall.
You dig through the rock wall.
You dig through the rock wall.
You dig through the rock wall.
You retract your mandibles.
There is a staircase leading out of the dungeon here.
You have escaped!

.#####........###
........#.......###########
...###..#....(............#
...###..#.##.........## #.#
........#.#8.........8# #.#
........#.#...........# #.#
..........#8.........8# #.#
...######.##.........## #.#
...# #.##.##8@8#### #.#
...#### #.#.####### #####.#
......# ..#.#.....# #.....#
#####.# .##.#.###.###.#####
#.##.#.##.# ##...##
#.#..##.#{# ##.##
#####.#.##{##.# #.#
..........{##.#####.########
#####......{...............#


There were no monsters in sight!

Vanquished Creatures
  the royal jelly (Slime:6)
  Tiamat (Zot:2)
  4 orbs of fire
  Mara (Depths:2)
  Mennas (Depths:4)
  2 ancient liches
  Sojobo (Vaults:3)
  Frederick (Vaults:3)
  2 curse toes
  3 Killer Klowns
  8 golden dragons
  A profane servitor (Crypt:3)
  Jory (Crypt:3)
  4 bone dragons
  4 electric golems
  4 liches
  15 tentacled monstrosities
  A deep elf blademaster (Elf:3)
  11 Orb Guardians
  3 quicksilver dragons
  A moon troll (WizLab)
  2 deep elf master archers (Elf:3)
  14 acid blobs
  9 tentacled starspawn (WizLab)
  2 octopode crushers
  5 sphinxes
  A kraken (Shoals:1)
  Gastronok (D:12)
  3 ancient champions
  6 shadow dragons
  Agnes (Vaults:3)
  5 tengu reavers
  Kirke (D:13)
  13 storm dragons
  2 draconian monks
  5 revenants
  Ilsuiw (Shoals:4)
  Wiglaf (Vaults:3)
  4 frost giants
  Donald (Vaults:3)
  5 azure jellies
  3 draconian knights
  9 deep elf sorcerers
  9 fire giants
  10 ghost moths
  A balrug (Depths:3)
  7 vault wardens
  Aizul (Spider:1)
  2 draconian shifters
  5 draconian scorchers
  6 ghouls
  3 iron dragons
  A cacodemon (WizLab)
  2 curse skulls
  5 emperor scorpions
  A war gargoyle (WizLab)
  A reaper (Depths:1)
  2 spriggan defenders
  2 draconian callers (Zot:3)
  10 very ugly things
  8 ironheart preservers
  5 vampire knights
  2 deep elf demonologists (Elf:3)
  24 stone giants
  Nessos (D:12)
  5 green draconians
  7 starcursed masses (WizLab)
  5 deep elf annihilators (Elf:3)
  3 white draconians
  7 black draconians
  4 purple draconians
  Azrael (D:12)
  A salamander stormcaller (Vaults:4)
  3 yellow draconians
  4 red draconians
  7 deep elf death magi
  5 mottled draconians
  An eidolon (Crypt:3)
  6 merfolk javelineers
  7 vault guards
  6 ettins
  8 merfolk impalers
  A crystal guardian (WizLab)
  7 death oozes
  5 deep elf high priests
  19 jiangshi
  A quicksilver dragon zombie (Crypt:2)
  A minotaur (Lab)
  Josephine (Lair:4)
  5 rakshasas
  15 entropy weavers
  16 fire dragons
  14 death cobs
  10 yaktaur captains
  A catoblepas (Lair:8)
  8 hell knights
  Harold (Lair:2)
  14 hydras
  12 great orbs of eyes
  3 spriggan air magi
  3 death knights
  4 merfolk avatars
  An anaconda (shapeshifter) (Depths:5)
  A hell beast (Depths:2)
  14 ice dragons
  21 ogre magi
  10 dancing weapons (Elf:2)
  15 centaur warriors
  3 merfolk aquamancers (Shoals:4)
  6 tengu warriors
  12 deep troll shamans
  An orc high priest (Orc:4)
  A spriggan berserker (Depths:5)
  6 death yaks (Lair:7)
  6 vampire magi
  A spectral storm dragon (Crypt:3)
  The ghost of emiel the Thaumaturge, an experienced HEIE of Vehumet (Lair:2)
  11 deep troll earth magi
  13 giant orange brains
  7 shadow wraiths
  22 deep elf knights
  A soul eater (Crypt:1)
  An anaconda zombie (Crypt:2)
  5 iron trolls
  2 fire crabs (Vaults:3)
  A spriggan druid (Depths:3)
  A swamp dragon (Zot:2)
  30 skeletal warriors
  15 sea snakes
  A harpy (Shoals:4)
  26 deep trolls
  A quicksilver dragon simulacrum (Crypt:3)
  A giant orange brain (shapeshifter) (Vaults:4)
  8 flayed ghosts
  An unseen horror (D:12)
  5 wizards
  An ice statue (IceCv)
  10 phantasmal warriors
  Pikel (D:5)
  10 deep elf summoners
  12 ironbrand convokers
  3 hill giants
  2 putrid demonspawn (Depths:5)
  14 deep elf conjurers
  A hill giant (shapeshifter) (Vaults:4)
  2 mana vipers (shapeshifter)
  A lindwurm (Lair:8)
  A shining eye (Slime:6)
  22 wolf spiders
  6 manticores
  15 griffons
  15 orc knights
  41 ugly things
  6 necromancers
  6 cyclopes
  16 orb spiders
  A sixfirhy (Depths:1)
  4 hornets
  A stone giant zombie (Crypt:2)
  2 fauns (Shoals:4)
  A frost giant zombie (Crypt:2)
  A sphinx skeleton (Crypt:1)
  A faun (shapeshifter) (Vaults:4)
  2 orc sorcerers
  11 sirens
  5 water nymphs
  22 moths of wrath
  2 dire elephant zombies (Crypt:2)
  A salamander (Depths:3)
  A mutant beast zombie (Crypt:1)
  Maurice (D:13)
  A black mamba (shapeshifter) (Depths:5)
  4 eyes of devastation
  A hornet (shapeshifter) (Depths:2)
  An octopode (shapeshifter) (D:13)
  A shock serpent zombie (Crypt:1)
  An orange crystal statue (WizLab)
  3 centaur zombies
  5 elephants (Lair:8)
  A fire giant skeleton (Crypt:2)
  7 torpor snails
  4 black mambas
  Psyche (D:8)
  7 vault sentinels
  11 spiny frogs
  A torpor snail (shapeshifter) (Depths:3)
  A gargoyle (D:15)
  2 spiny frogs (shapeshifter)
  5 kobold demonologists
  48 yaktaurs
  3 efreet
  2 orange demons
  14 demonic crawlers
  2 komodo dragons (shapeshifter)
  An alligator snapping turtle skeleton (Crypt:2)
  A yaktaur (shapeshifter) (Depths:2)
  6 fire drakes
  8 komodo dragons
  14 freezing wraiths
  2 hellwings
  3 tengu conjurers (D:13)
  22 merfolk
  A queen ant zombie (Crypt:2)
  15 trolls
  11 deep elf priests
  2 red devils
  A tormentor (Depths:5)
  20 jumping spiders
  A jumping spider (shapeshifter) (Depths:1)
  A wolf spider simulacrum (D:15)
  A bog body (Crypt:1)
  2 giant leeches (Lair:8)
  A polar bear (Lair:7)
  Grinder (D:5)
  A wind drake (Shoals:1)
  A snapping turtle (shapeshifter) (Vaults:1)
  2 boulder beetles
  2 blink frogs (shapeshifter)
  A two-headed ogre (shapeshifter) (Depths:4)
  A fire giant simulacrum (Vaults:2)
  23 blink frogs
  9 snapping turtles
  A minotaur skeleton (Crypt:2)
  2 blue devils (Depths:1)
  39 two-headed ogres
  A frost giant simulacrum (Crypt:3)
  2 air elementals (Depths:2)
  41 slime creatures
  23 trapdoor spiders
  50 redbacks
  27 deep elf magi
  5 shadows
  23 tarantellas
  2 guardian serpent skeletons
  An ice dragon skeleton (Crypt:2)
  52 flying skulls
  4 wyverns
  14 water elementals
  4 fire elementals (D:12)
  17 wraiths
  6 golden eyes
  A tarantella (shapeshifter) (Elf:2)
  31 deep elf fighters
  34 yaks
  A golden eye (shapeshifter) (Vaults:4)
  4 hogs (D:13)
  14 vampires
  9 wolves
  A yaktaur simulacrum (Vaults:3)
  5 basilisks
  A hungry ghost (D:9)
  A spriggan (D:7)
  2 small abominations (Crypt:3)
  A yak (shapeshifter) (D:15)
  2 humans (shapeshifter)
  A steam dragon (Lair:8)
  31 vampire mosquitoes
  3 neqoxecs
  A death yak simulacrum (IceCv)
  A naga (shapeshifter) (D:15)
  2 wargs
  4 mottled dragons
  15 hippogriffs
  10 porcupines
  11 water moccasins
  13 swamp worms (Spider:1)
  2 soldier ants
  28 orc warriors
  An ogre (shapeshifter) (Depths:3)
  5 hell hounds
  A slave (D:5)
  6 eyes of draining
  4 sky beasts
  A snapping turtle zombie (Crypt:2)
  31 centaurs
  2 eyes of draining (shapeshifter)
  74 ogres
  2 swamp drakes (Lair:8)
  5 necrophages
  A sky beast (shapeshifter) (Depths:4)
  5 black bears
  4 phantoms
  19 spiders
  A black bear (shapeshifter) (Vaults:4)
  6 ice beasts (IceCv)
  25 giant frogs
  7 boggarts
  5 wasps
  5 brain worms
  15 crocodiles
  8 big kobolds
  A vine stalker zombie (Crypt:2)
  A cyclops zombie (Crypt:1)
  2 wyvern zombies
  A gnoll sergeant (D:6)
  9 scorpions
  A glowing shapeshifter simulacrum (Vaults:2)
  A wyvern skeleton (D:12)
  6 killer bees
  16 wights
  The ghost of Oddysee the Chopper, a weakling DgFi (D:3)
  A manticore simulacrum (Crypt:3)
  An electric eel (Spider:4)
  13 crimson imps
  A giant frog zombie (D:12)
  10 human zombies (Crypt:2)
  4 quasits
  16 iguanas
  17 jellies
  2 draconian simulacra (IceCv)
  Crazy Yiuf (D:2)
  Ijyb (D:2)
  24 orc priests
  An iron imp (Depths:5)
  33 orc wizards
  4 giant frog skeletons
  6 hounds
  5 centaur skeletons
  31 sheep
  2 hell rats (Crypt:2)
  15 worker ants
  A yak simulacrum (Lair:3)
  A spriggan simulacrum (IceCv)
  2 troll simulacra (IceCv)
  6 polar bear simulacra
  5 centaur simulacra
  A mottled dragon zombie (Crypt:2)
  3 wolf simulacra
  3 hound skeletons
  Robin (D:3)
  11 adders
  3 gnolls (D:6)
  6 naga simulacra (IceCv)
  56 river rats
  29 white imps
  5 ogre simulacra (IceCv)
  5 shadow imps
  3 ufetubi (Depths:5)
  2 adder zombies
  A halfling zombie (Crypt:1)
  2 adder skeletons (D:6)
  23 worms
  218 orcs
  3 ball pythons
  A bat skeleton (D:5)
  11 giant cockroaches
  15 hobgoblins
  7 jackals
  7 quokkas
  19 bats
  7 giant geckos
  3 giant newts
  15 goblins
  41 kobolds
  A quokka skeleton (D:8)
  42 rats
  3 river rat simulacra (Lair:3)
  A river rat zombie (Crypt:1)
  3 butterflies (D:12)
  9 fungi
  A lost soul (Crypt:3)
  7 plants
  17 starspawn tentacles (WizLab)
  2 tentacles (Shoals:1)
  A tentacle segment (Shoals:1)
2871 creatures vanquished.

Vanquished Creatures (collateral kills)
  A lich (Depths:5)
  2 tentacled monstrosities
  8 Orb Guardians (Zot:5)
  A storm dragon (Zot:3)
  A shadow dragon (Zot:2)
  A fire giant (Depths:4)
  A ghost moth (Spider:4)
  An orc warlord (Orc:4)
  2 draconian knights
  2 emperor scorpions (Spider:4)
  A draconian annihilator (Zot:3)
  2 vampire knights
  A stone giant (Depths:5)
  A draconian caller (Zot:1)
  4 yellow draconians
  2 green draconians
  A black draconian (Zot:1)
  A white draconian (Zot:4)
  7 red draconians
  4 purple draconians
  A blizzard demon (D:2)
  4 ettins
  A deep elf death mage (Crypt:3)
  5 merfolk impalers
  A fire dragon (Zot:2)
  An ogre mage (Vaults:3)
  3 death cobs
  3 ice dragons
  A dancing weapon (Elf:2)
  2 satyrs
  A merfolk aquamancer (Shoals:4)
  2 orc high priests
  A death knight (Crypt:3)
  2 death yaks (Lair:7)
  7 hell knights
  A deep elf knight (D:13)
  A fire crab (Vaults:4)
  3 skeletal warriors
  2 necromancers
  2 orc knights
  3 ugly things (Depths:4)
  A lindwurm (Zot:2)
  A hill giant (D:12)
  An orc sorcerer (Orc:4)
  2 sirens
  2 moths of wrath
  A gargoyle (D:11)
  A centaur skeleton (D:13)
  An eye of devastation (WizLab)
  2 smoke demons (Zot:5)
  A komodo dragon (Lair:7)
  2 yaktaurs
  A hellwing (Zot:5)
  10 merfolk
  A two-headed ogre (D:13)
  2 redbacks
  A deep elf mage (D:13)
  2 deep elf fighters
  A swamp worm (Spider:1)
  18 orc warriors
  A centaur (Depths:3)
  9 ogres
  4 orc wizards
  11 orc priests
  17 orcs
  A giant gecko (D:10)
  A rat (D:10)
  A river rat simulacrum (Lair:3)
  A starspawn tentacle (WizLab)
188 creatures vanquished.

Vanquished Creatures (others)
  The ghost of nubinia the Sorcerer, a great HECj of Sif Muna (Crypt:1)
  An Orb Guardian (Zot:5)
  A tengu reaver (Depths:1)
  A draconian scorcher (Zot:1)
  A draconian shifter (Zot:3)
  A very ugly thing (WizLab)
  A green draconian (Zot:2)
  2 black draconians
  A white draconian (Zot:1)
  A red draconian (Zot:3)
  A fire dragon (Zot:2)
  A deep elf high priest (Depths:5)
  A yaktaur captain (Depths:5)
  An ice dragon (Zot:2)
  A monstrous demonspawn (Depths:5)
  26 dancing weapons
  An orc high priest (Orc:4)
  A hell knight (Depths:5)
  A necromancer (Depths:4)
  An orc sorcerer (Orc:4)
  A hornet (Spider:4)
  A yaktaur (Depths:5)
  2 jumping spiders
  A basilisk (Lair:8)
  A mottled dragon (Zot:2)
  A deep elf fighter (Elf:1)
  A golden eye (Slime:5)
  A spider (Spider:3)
  A wasp (D:14)
  An ogre (Depths:1)
  A big kobold (D:8)
  A centaur skeleton (D:5)
  An orc priest (Orc:4)
  An adder (D:5)
  A goblin (D:5)
  A kobold (D:8)
  A rat (D:8)
  37 fungi
  5 lost souls
  19 plants
  11 starspawn tentacles (WizLab)
  253 starspawn tentacle segments (WizLab)
  13 tentacles (Shoals:1)
  999 tentacle segments (Shoals:1)
1401 creatures vanquished.

Grand Total: 4460 creatures vanquished

Notes
Turn   | Place    | Note
--------------------------------------------------------------
     0 | D:1      | comborobin the Formicid Arcane Marksman began the quest for the Orb.
     0 | D:1      | Reached XP level 1. HP: 15/15 MP: 2/2
   526 | D:2      | Reached XP level 2. HP: 19/21 MP: 1/3
   760 | D:2      | Learned a level 2 spell: Slow
   926 | D:2      | Noticed Crazy Yiuf
  1014 | D:2      | Reached skill level 1 in Stealth
  1027 | D:1      | Reached XP level 3. HP: 14/26 MP: 1/5
  1297 | D:2      | Noticed Ijyb
  1300 | D:2      | HP: 6/26 [hobgoblin (4)]
  1312 | D:1      | Reached skill level 4 in Hexes
  1639 | D:2      | Killed Ijyb
  1639 | D:2      | Reached XP level 4. HP: 14/33 MP: 0/6
  2093 | D:2      | Killed Crazy Yiuf
  2093 | D:2      | Reached skill level 2 in Stealth
  2289 | D:3      | Reached XP level 5. HP: 38/38 MP: 7/7
  2328 | D:3      | Reached skill level 2 in Fighting
  2340 | D:3      | Reached skill level 3 in Crossbows
  2417 | D:3      | Noticed Oddysee's ghost (weakling DgFi)
  2429 | D:3      | Killed Oddysee's ghost
  2429 | D:3      | Reached skill level 2 in Spellcasting
  2429 | D:3      | Reached skill level 5 in Hexes
  2533 | D:3      | Reached XP level 6. HP: 30/46 MP: 5/9
  2788 | D:3      | Found a basalt altar of Yredelemnul.
  2889 | D:3      | Found a faded altar to an unknown god.
  3021 | D:3      | Noticed Robin
  3059 | D:3      | Killed Robin
  3206 | D:3      | Reached skill level 3 in Fighting
  3219 | D:3      | Reached XP level 7. HP: 50/52 MP: 7/11
  3250 | D:3      | Learned a level 4 spell: Cause Fear
  3485 | D:4      | Reached skill level 4 in Crossbows
  3485 | D:4      | Reached skill level 6 in Hexes
  3595 | D:4      | Reached skill level 3 in Spellcasting
  3768 | D:5      | Entered Level 5 of the Dungeon
  3815 | D:5      | Noticed Pikel
  3872 | D:5      | Killed Pikel
  3872 | D:5      | Reached skill level 4 in Fighting
  3872 | D:5      | Reached skill level 5 in Crossbows
  3872 | D:5      | Reached skill level 7 in Hexes
  3872 | D:5      | Reached XP level 8. HP: 56/60 MP: 2/13
  4060 | D:5      | Noticed Grinder
  4072 | D:5      | Killed Grinder
  4072 | D:5      | Reached skill level 6 in Crossbows
  4072 | D:5      | Reached skill level 4 in Spellcasting
  4072 | D:5      | Reached skill level 8 in Hexes
  4096 | D:5      | Reached XP level 9. HP: 66/66 MP: 10/15
  4663 | D:6      | Learned a level 3 spell: Inner Flame
  4790 | D:6      | Reached skill level 5 in Fighting
  5105 | D:6      | Reached skill level 7 in Crossbows
  5228 | D:6      | Reached skill level 9 in Hexes
  5544 | D:7      | Found a sparkling altar of Nemelex Xobeh.
  5596 | D:7      | Reached skill level 5 in Spellcasting
  5700 | D:7      | Found a staircase to the Ecumenical Temple.
  5713 | Temple   | Entered the Ecumenical Temple
  5751 | Temple   | Became a worshipper of Gozag Ym Sagoz the Greedy
  5777 | D:7      | Found a snail-covered altar of Cheibriados.
  5777 | D:7      | Noticed an oklob plant
  5824 | D:7      | Found a snail-covered altar of Cheibriados.
  5930 | D:7      | Learned a level 3 spell: Confuse
  5934 | D:7      | Learned a level 3 spell: Tukima's Dance
  6065 | D:8      | Reached XP level 10. HP: 67/76 MP: 6/17
  6071 | D:8      | Noticed a tengu warrior
  6077 | D:8      | Reached skill level 8 in Crossbows
  6126 | D:8      | Killed a tengu warrior
  6126 | D:8      | Reached skill level 6 in Fighting
  6126 | D:8      | Reached skill level 10 in Hexes
  6440 | D:8      | Noticed Psyche
  6448 | D:8      | Killed Psyche
  6585 | D:8      | Reached skill level 1 in Evocations
  6594 | D:8      | Got a bloodstained hand axe
  6681 | D:8      | Found a stormy altar of Qazlal.
  6682 | D:8      | Found a staircase to the Lair.
  6820 | D:8      | Reached skill level 9 in Crossbows
  6906 | D:8      | Identified a +7 rod of clouds (13/13) {!a} (You found it on level 8 of the Dungeon)
  7050 | D:8      | Reached skill level 6 in Spellcasting
  7169 | D:9      | Reached skill level 11 in Hexes
  7220 | D:9      | Reached skill level 2 in Evocations
  7256 | D:9      | Reached XP level 11. HP: 83/83 MP: 16/20
  7311 | D:9      | Found a deep blue altar of Sif Muna.
  7311 | D:9      | Found a blossoming altar of Fedhas.
  7314 | D:9      | Found a glowing golden altar of the Shining One.
  7424 | D:9      | Reached skill level 7 in Fighting
  7509 | D:9      | Found a shadowy altar of Dithmenos.
  7509 | D:9      | Found an iron altar of Okawaru.
  7813 | D:9      | Reached skill level 3 in Evocations
  7882 | D:9      | Found a staircase to the Orcish Mines.
  7895 | D:9      | Found a roughly hewn altar of Beogh.
  8013 | Orc:1    | Entered Level 1 of the Orcish Mines
  8746 | Orc:2    | Reached skill level 12 in Hexes
  8746 | Orc:2    | Reached skill level 10 in Crossbows
  9104 | Orc:2    | Found Buenwace's Jewellery Emporium.
  9115 | Orc:2    | Bought an uncursed ring of protection from fire for 350 gold pieces
  9115 | Orc:2    | Bought an uncursed amulet of warding for 210 gold pieces
  9179 | Orc:2    | Reached skill level 4 in Evocations
  9359 | Orc:3    | Found a staircase to the Elven Halls.
  9382 | Orc:3    | Noticed an orc knight
  9430 | Orc:3    | Found a roughly hewn altar of Beogh.
  9707 | Orc:3    | Killed an orc knight
  9926 | Orc:3    | Reached skill level 7 in Spellcasting
  9933 | Orc:3    | Found Xuibbumut's Book Emporium.
  9956 | Orc:3    | Bought a book of Cantrips for 280 gold pieces
  9956 | Orc:3    | Bought a book of Minor Magic for 280 gold pieces
  9958 | Orc:3    | Learned a level 1 spell: Apportation
  9961 | Orc:3    | Learned a level 2 spell: Repel Missiles
 10038 | Orc:3    | Noticed a stone giant
 10061 | Orc:3    | You fall through a shaft!
 10061 | Orc:4    | Entered Level 4 of the Orcish Mines
 10088 | Orc:4    | Found a roughly hewn altar of Beogh.
 10148 | Orc:4    | Reached XP level 12. HP: 92/92 MP: 17/22
 10174 | Orc:4    | Noticed an orc warlord
 10222 | Orc:4    | Killed an orc warlord
 10222 | Orc:4    | Reached skill level 8 in Fighting
 10335 | Orc:4    | Found a bloodstained altar of Trog.
 10340 | Orc:4    | comborobin: fuck you trog
 10340 | Orc:4    | Identified Lyfiererch's Tome of Retrieval (You found it on level 4 of the Orcish Mines)
 10341 | Orc:4    | comborobin: aww man
 10399 | Orc:4    | Noticed an orc knight
 10443 | Orc:4    | Noticed an ettin
 10466 | Orc:4    | Killed an ettin
 10509 | Orc:4    | Killed an orc knight
 10571 | Orc:4    | Found Jest's Assorted Antiques.
 10579 | Orc:4    | Bought a fuming coppery potion for 25 gold pieces
 10579 | Orc:4    | Bought a scroll labeled BOPNUI XUSAITS for 28 gold pieces
 10684 | Orc:4    | Noticed an orc sorcerer
 10688 | Orc:4    | Noticed an orc high priest
 10883 | Orc:3    | Killed a stone giant
 10883 | Orc:3    | Reached skill level 11 in Crossbows
 10883 | Orc:3    | Reached skill level 13 in Hexes
 10883 | Orc:3    | Reached skill level 5 in Evocations
 10978 | Orc:4    | Noticed an orc knight
 10993 | Orc:4    | Noticed an orc high priest
 10996 | Orc:4    | Noticed a sun demon
 10997 | Orc:4    | Noticed a sun demon
 11092 | Orc:4    | HP: 23/93 [orc high priest/divine providence (13)]
 11097 | Orc:4    | HP: 16/93 [sixfirhy[an orc high priest] (12)]
 11097 | Orc:4    | HP: 7/93 [sixfirhy[an orc high priest] (9)]
 11306 | Orc:4    | Killed an orc high priest
 11359 | Orc:4    | Noticed an orc sorcerer
 11363 | Orc:4    | Noticed an orc knight
 11365 | Orc:4    | Noticed an orc knight
 11365 | Orc:4    | Killed an orc sorcerer
 11368 | Orc:4    | Killed an orc high priest
 11376 | Orc:4    | Killed an orc sorcerer
 11380 | Orc:4    | Killed an orc knight
 11445 | Orc:4    | Killed an orc knight
 11678 | Orc:4    | Noticed an orc high priest
 11701 | Orc:4    | Killed an orc sorcerer
 11702 | Orc:4    | Killed an orc high priest
 11724 | Orc:4    | Found Zupuo's Jewellery Boutique.
 11724 | Orc:4    | Found Siselag's Distillery.
 11744 | Orc:4    | Killed an orc knight
 11776 | Orc:4    | Found Wawnayzo's Armour Boutique.
 11776 | Orc:4    | Found Zetovyal's Jewellery Emporium.
 11795 | Orc:4    | Bought a +2 shield of protection for 301 gold pieces
 11797 | Orc:4    | Bought the ring "Zumumy" {rF+ rN+ Int+5} for 747 gold pieces
 11797 | Orc:4    | Bought the ring "Jeah" {rElec MR+ Str+3 Dex+3} for 665 gold pieces
 11814 | Orc:4    | Bought a potion of curing for 42 gold pieces
 11814 | Orc:4    | Bought 2 potions of heal wounds for 140 gold pieces
 11814 | Orc:4    | Bought a potion of cure mutation for 490 gold pieces
 11814 | Orc:4    | Bought a potion of invisibility for 112 gold pieces
 11831 | Orc:4    | Identified a scroll of acquirement
 11844 | Orc:4    | Identified the +4 hand axe of the Sky {freeze, +Blink +Inv} (You found it on level 8 of the Dungeon)
 12117 | Lair:1   | Entered Level 1 of the Lair of Beasts
 12175 | Lair:1   | Reached skill level 1 in Shields
 12246 | Lair:1   | Reached skill level 1 in Armour
 12363 | Lair:1   | Got a coiled pewter ring
 12366 | Lair:1   | Identified the ring of Ajerexea {Wiz Int+3} (You found it on level 1 of the Lair of Beasts)
 12450 | Lair:1   | Reached skill level 2 in Shields
 12463 | Lair:1   | Reached skill level 2 in Armour
 12624 | Lair:1   | Reached skill level 3 in Armour
 12624 | Lair:1   | Reached skill level 3 in Shields
 12994 | Lair:2   | Noticed emiel's ghost (experienced HEIE)
 13007 | Lair:2   | Killed emiel's ghost
 13007 | Lair:2   | Reached skill level 4 in Armour
 13007 | Lair:2   | Reached skill level 4 in Shields
 13007 | Lair:2   | Reached XP level 13. HP: 99/99 MP: 13/24
 13112 | Lair:2   | Found a frozen archway.
 13113 | Lair:2   | Noticed Harold
 13147 | Lair:2   | Killed Harold
 13147 | Lair:2   | Reached skill level 5 in Shields
 13160 | Lair:2   | Reached skill level 5 in Armour
 13192 | IceCv    | Entered an ice cave
 13379 | IceCv    | Reached skill level 6 in Shields
 13515 | IceCv    | Reached skill level 6 in Armour
 13569 | IceCv    | Found an ancient bone altar of Kikubaaqudgha.
 13577 | IceCv    | HP: 16/99 [freezing wraith (21)]
 13613 | IceCv    | Reached skill level 7 in Shields
 13957 | IceCv    | Reached skill level 7 in Armour
 14523 | Lair:2   | Reached skill level 8 in Shields
 14641 | Lair:3   | Reached skill level 9 in Shields
 14906 | Lair:3   | Reached skill level 10 in Shields
 15171 | Lair:3   | Ajdolov: so many frogs
 15174 | Lair:3   | comborobin: so little bolts
 15286 | Lair:3   | Ajdolov: yeah, i noticed that.
 15287 | Lair:3   | Reached XP level 14. HP: 106/106 MP: 8/25
 15293 | Lair:3   | Reached skill level 8 in Spellcasting
 15426 | Lair:3   | Ajdolov: I've had similar runs with assassins where no needles appeared ever.
 15487 | Lair:3   | Ajdolov: and then the next run i get like 50 needles in 2 levels
 15499 | Lair:3   | comborobin: heh
 15865 | Lair:4   | Noticed Josephine
 15868 | Lair:4   | Reached skill level 14 in Hexes
 15872 | Lair:4   | Killed Josephine
 16354 | Lair:4   | Reached skill level 12 in Crossbows
 16544 | Lair:5   | Reached skill level 9 in Fighting
 16544 | Lair:5   | Reached skill level 8 in Armour
 17196 | Lair:6   | Found a hole to the Spider Nest.
 17310 | Lair:6   | Found a staircase to the Shoals.
 17535 | Lair:6   | HP: 22/108 [ice dragon/blast of cold (50)]
 18039 | Lair:7   | Ajdolov: that's a scary mob
 18106 | Lair:7   | Found a labyrinth entrance.
 18116 | Lab      | Entered a labyrinth
 18237 | Lab      | Identified the Grimoire of Air
 18237 | Lab      | Got a translucent tin ring
 18264 | Lab      | Learned a level 2 spell: Swiftness
 18265 | Lab      | Got a bloodstained demon trident
 18266 | Lab      | Identified the +8 demon trident of Dogomul {flame, *Drain rPois Int+2 Dex+7} (You found it in a labyrinth)
 18268 | Lab      | Identified the ring "Kitzask" {rC- rN+++ MR+ MP+9 Int+3} (You found it in a labyrinth)
 18347 | Lair:7   | Reached skill level 15 in Hexes
 18439 | Lair:7   | Reached skill level 9 in Spellcasting
 18561 | Lair:7   | Reached XP level 15. HP: 112/114 MP: 22/28
 19181 | Lair:7   | Learned a level 3 spell: Regeneration
 19186 | Lair:7   | Learned a level 4 spell: Control Undead
 19264 | Lair:8   | Entered Level 8 of the Lair of Beasts
 19480 | Lair:8   | Reached skill level 13 in Crossbows
 19581 | Lair:8   | Reached skill level 9 in Armour
 19657 | Lair:8   | Reached skill level 1 in Charms
 19750 | Lair:8   | Found a runed door.
 20051 | Lair:8   | Reached skill level 10 in Fighting
 20114 | Lair:8   | Reached skill level 2 in Charms
 20302 | Lair:8   | Reached skill level 16 in Hexes
 20302 | Lair:8   | Reached skill level 3 in Charms
 20302 | Lair:8   | Reached XP level 16. HP: 122/122 MP: 29/29
 20489 | Lair:8   | Found a viscous altar of Jiyva.
 20489 | Lair:8   | Found a staircase to the Slime Pits.
 20863 | D:10     | Entered Level 10 of the Dungeon
 20935 | D:10     | Found Bah Goyff's Food Shop.
 21219 | D:10     | Found Qiqer's Antique Weapon Boutique.
 21596 | D:11     | Found Jewirofe's Magic Scroll Shop.
 21600 | D:11     | Bought a scroll of identify for 26 gold pieces
 21600 | D:11     | Bought a scroll of summoning for 123 gold pieces
 21600 | D:11     | Bought a scroll of identify for 26 gold pieces
 22113 | D:12     | Noticed Gastronok
 22153 | D:12     | Killed Gastronok
 22153 | D:12     | Reached skill level 10 in Spellcasting
 22183 | D:12     | Found a blossoming altar of Fedhas.
 22192 | D:12     | Found Yschup's Book Emporium.
 22320 | D:12     | Got a twisted flail
 22321 | D:12     | Identified the +9 flail of the Illusory Cities {antimagic, Str+4} (You found it on level 12 of the Dungeon)
 22348 | D:12     | Noticed Nessos
 22353 | D:12     | Killed Nessos
 22400 | D:12     | Noticed Azrael
 22405 | D:12     | Reached skill level 14 in Crossbows
 22415 | D:12     | Killed Azrael
 22415 | D:12     | Reached XP level 17. HP: 118/129 MP: 24/31
 22480 | D:12     | Found a runed door.
 22484 | D:12     | Found a runed door.
 23007 | Orc:4    | Bought a translucent war axe for 238 gold pieces
 23007 | Orc:4    | Identified the +7 war axe "Jamusese" {venom, *Contam Str+6 Dex+3} (You bought it in a shop on level 4 of the Orcish Mines)
 23012 | Orc:4    | Bought a lead wand for 112 gold pieces
 23057 | Orc:4    | Bought a potion of heal wounds for 70 gold pieces
 23057 | Orc:4    | Bought 2 potions of agility for 112 gold pieces
 23057 | Orc:4    | Bought a potion of agility for 56 gold pieces
 23057 | Orc:4    | Bought a potion of agility for 56 gold pieces
 23787 | D:13     | Noticed Maurice
 23943 | D:13     | Killed Maurice
 24565 | D:13     | Found a gate to the Vaults.
 24899 | D:13     | Noticed Kirke
 24908 | D:13     | Killed Kirke
 24908 | D:13     | Reached skill level 11 in Shields
 25178 | D:14     | Found Tuleul's Magic Scroll Emporium.
 25201 | D:14     | Bought a scroll of enchant weapon for 127 gold pieces
 25201 | D:14     | Bought a scroll of acquirement for 884 gold pieces
 25311 | D:14     | Found a gate to the Vaults.
 25574 | D:14     | Reached skill level 12 in Shields
 25860 | D:15     | Entered Level 15 of the Dungeon
 25866 | D:15     | Found Lyosmisk's Book Emporium.
 26681 | D:15     | Found a staircase to the Depths.
 26690 | Depths:1 | Entered Level 1 of the Depths
 27300 | D:14     | Reached skill level 13 in Shields
 27820 | Spider:1 | Entered Level 1 of the Spider Nest
 28025 | Spider:1 | Reached skill level 15 in Crossbows
 28265 | Spider:1 | Noticed Aizul
 28288 | Spider:1 | Killed Aizul
 28973 | Spider:1 | Reached XP level 18. HP: 101/136 MP: 32/32
 29067 | Spider:1 | Reached skill level 14 in Shields
 30456 | Elf:1    | Entered Level 1 of the Elven Halls
 30707 | Elf:1    | Reached skill level 1 in Polearms
 31007 | Elf:1    | Reached skill level 2 in Polearms
 31277 | Elf:1    | Reached skill level 3 in Polearms
 31586 | Elf:1    | You fall through a shaft!
 31619 | Elf:2    | Found a runed gate.
 31619 | Elf:2    | Found a runed gate.
 31619 | Elf:2    | Found a runed gate.
 31894 | D:10     | Bought a bread ration for 55 gold pieces
 31894 | D:10     | Bought a meat ration for 55 gold pieces
 31894 | D:10     | Bought a bread ration for 55 gold pieces
 31894 | D:10     | Bought a bread ration for 55 gold pieces
 31894 | D:10     | Bought a bread ration for 55 gold pieces
 31894 | D:10     | Bought a bread ration for 55 gold pieces
 31894 | D:10     | Bought a meat ration for 55 gold pieces
 31894 | D:10     | Bought a bread ration for 55 gold pieces
 32118 | Elf:1    | Reached skill level 4 in Polearms
 32277 | Elf:1    | Reached skill level 15 in Shields
 32371 | Elf:1    | Reached skill level 5 in Polearms
 32382 | Elf:1    | Identified the Grimoire of the Entourage
 32545 | Elf:2    | Reached skill level 6 in Polearms
 32566 | Elf:2    | Found Motz's Book Emporium.
 32631 | Elf:2    | Gained mutation: You have a somewhat thin skeletal structure (Dex +2, Stealth). [potion of beneficial mutation]
 32638 | Elf:3    | Entered Level 3 of the Elven Halls
 32795 | Elf:3    | Reached skill level 7 in Polearms
 33067 | Elf:3    | Reached skill level 8 in Polearms
 33139 | Elf:3    | Reached skill level 2 in Dodging
 33183 | Elf:3    | Reached XP level 19. HP: 142/142 MP: 33/33
 33227 | Elf:3    | Reached skill level 9 in Polearms
 33461 | Elf:3    | Reached skill level 3 in Dodging
 33709 | Elf:3    | Got a transparent chain mail
 33710 | Elf:3    | Identified the cursed +0 chain mail of Hedge Wizardry {Int+5} (You found it on level 3 of the Elven Halls)
 33717 | Elf:3    | Got a pitted rapier
 33718 | Elf:3    | Identified the +8 rapier "Hydrabane" {flame, Int+3 Dex+4 Stlth+} (You found it on level 3 of the Elven Halls)
 33734 | Elf:3    | Got a warped spear
 33735 | Elf:3    | Identified the +7 spear of the Hills {pierce, *Noise Int+5} (You found it on level 3 of the Elven Halls)
 34406 | Elf:3    | Reached skill level 10 in Polearms
 34484 | Elf:2    | Reached skill level 4 in Dodging
 34599 | Elf:2    | Learned a level 2 spell: Stoneskin
 35098 | Elf:2    | Reached skill level 11 in Polearms
 35098 | Elf:2    | Reached skill level 5 in Dodging
 36433 | Spider:4 | Entered Level 4 of the Spider Nest
 36756 | Spider:3 | Reached skill level 6 in Dodging
 36814 | Spider:3 | Reached skill level 12 in Polearms
 37609 | Spider:4 | Reached XP level 20. HP: 149/149 MP: 34/34
 37900 | Spider:4 | Reached skill level 7 in Dodging
 38452 | Spider:4 | Reached skill level 13 in Polearms
 38906 | Spider:4 | Got a gossamer rune of Zot
 39024 | Spider:3 | Reached skill level 8 in Dodging
 39899 | Vaults:1 | Entered Level 1 of the Vaults
 39957 | Vaults:1 | Reached skill level 14 in Polearms
 40024 | Vaults:1 | Found Xidiapn's Antique Armour Shop.
 40044 | Vaults:1 | Bought a pair of runed boots for 130 gold pieces
 40059 | Vaults:1 | Identified a +1 pair of boots of running (You bought it in a shop on level 1 of the Vaults)
 40062 | Vaults:1 | Bought a steaming ring mail for 261 gold pieces
 40075 | Vaults:1 | Identified the +5 ring mail of Optimism {rN+ Dex+5 Stlth+} (You bought it in a shop on level 1 of the Vaults)
 40079 | Vaults:1 | Bought a bloodstained chain mail for 275 gold pieces
 40108 | Vaults:1 | Identified the +0 chain mail "Zasch" {+Inv Int+3} (You bought it in a shop on level 1 of the Vaults)
 40128 | Vaults:1 | Bought a spiked chain mail for 275 gold pieces
 40146 | Vaults:1 | Identified the cursed +0 chain mail "Jecerho" {*Drain rF+++ Str+7} (You bought it in a shop on level 1 of the Vaults)
 40383 | Vaults:1 | Found Homahat's Gadget Boutique.
 40393 | Vaults:1 | Bought an ornate deck of summoning for 240 gold pieces
 40403 | Vaults:1 | Reached skill level 11 in Fighting
 41005 | Vaults:1 | Reached skill level 15 in Polearms
 41403 | Vaults:1 | Reached XP level 21. HP: 158/158 MP: 31/35
 42124 | Vaults:2 | Found Nuafef's Food Emporium.
 42192 | Vaults:2 | Reached skill level 12 in Fighting
 42253 | Vaults:2 | Reached skill level 10 in Armour
 42497 | Vaults:2 | Reached skill level 16 in Crossbows
 43249 | Vaults:2 | Found a staircase to the Crypt.
 43318 | Crypt:1  | Entered Level 1 of the Crypt
 43441 | Crypt:1  | Noticed nubinia's ghost (great HECj)
 43449 | Crypt:1  | Killed nubinia's ghost
 43652 | Crypt:1  | Reached skill level 17 in Crossbows
 44390 | Crypt:2  | Reached skill level 18 in Crossbows
 44859 | Crypt:2  | Reached XP level 22. HP: 116/165 MP: 36/36
 45096 | Crypt:2  | Found an ancient bone altar of Kikubaaqudgha.
 45238 | Crypt:3  | Entered Level 3 of the Crypt
 45509 | Crypt:3  | Reached skill level 19 in Crossbows
 45696 | Crypt:3  | Found an ancient bone altar of Kikubaaqudgha.
 46032 | Crypt:3  | Reached skill level 20 in Crossbows
 46343 | Crypt:3  | Noticed Jory
 46349 | Crypt:3  | Killed Jory
 46366 | Crypt:3  | Found a staircase to the Tomb.
 47242 | Shoals:1 | Entered Level 1 of the Shoals
 47343 | Shoals:1 | Reached skill level 21 in Crossbows
 47343 | Shoals:1 | Reached XP level 23. HP: 171/171 MP: 37/37
 47462 | Shoals:1 | Got a fine ring mail
 47463 | Shoals:1 | Identified the cursed +1 ring mail of the Nexus {Str+4} (You found it on level 1 of the Shoals)
 47925 | Shoals:2 | Found Adwur's Magic Scroll Shop.
 47957 | Shoals:2 | Bought a scroll of immolation for 59 gold pieces
 47997 | Shoals:2 | Identified the Guide on Enchanting Aid
 48183 | Shoals:2 | Found Puihanet's Book Boutique.
 48236 | Shoals:2 | Bought a book of Burglary for 1050 gold pieces
 48236 | Shoals:2 | Bought a book of Dreams for 1050 gold pieces
 48243 | Shoals:2 | Learned a level 6 spell: Invisibility
 48249 | Shoals:2 | Learned a level 5 spell: Silence
 48278 | Shoals:2 | Found Moywnoim's Book Shoppe.
 48334 | Shoals:2 | Found Ysumowia's Magic Scroll Boutique.
 48342 | Shoals:2 | Bought a scroll of enchant weapon for 127 gold pieces
 48342 | Shoals:2 | Bought a scroll of enchant armour for 127 gold pieces
 48342 | Shoals:2 | Bought a scroll of enchant weapon for 127 gold pieces
 48434 | Shoals:2 | Found Cyhouruezi's Magic Scroll Shop.
 48443 | Shoals:2 | Bought a scroll of vulnerability for 112 gold pieces
 48443 | Shoals:2 | Bought a scroll of recharging for 142 gold pieces
 48565 | Shoals:3 | Reached skill level 1 in Air Magic
 49040 | Shoals:4 | Entered Level 4 of the Shoals
 49065 | Shoals:4 | Reached skill level 2 in Air Magic
 49095 | Shoals:4 | Noticed Ilsuiw
 49100 | Shoals:4 | Killed Ilsuiw
 49338 | Shoals:4 | Got a barnacled rune of Zot
 49450 | Shoals:4 | Reached skill level 22 in Crossbows
 50114 | Shoals:4 | Got a flickering tin ring
 50115 | Shoals:4 | Identified the ring "Boyklau" {rF+ MP+9} (You found it on level 4 of the Shoals)
 50324 | Slime:1  | Entered Level 1 of the Pits of Slime
 50780 | Slime:6  | Entered Level 6 of the Pits of Slime
 50812 | Slime:6  | Found a viscous altar of Jiyva.
 50815 | Slime:6  | Noticed the royal jelly
 50831 | Slime:6  | Killed the royal jelly
 50831 | Slime:6  | Reached skill level 23 in Crossbows
 50831 | Slime:6  | Reached XP level 24. HP: 150/178 MP: 37/37
 50870 | Slime:6  | Identified the Volume of Twisted Black Arts
 50885 | Slime:6  | Got an ancient glass ring
 50886 | Slime:6  | Identified the ring of Riviun {+Fly rF+ rC+ Str+4 Int-2} (You found it on level 6 of the Pits of Slime)
 50926 | Slime:6  | Got a scintillating granite ring
 50927 | Slime:6  | Identified the ring of Dyalal {rC+ Int+3 Dex+2} (You found it on level 6 of the Pits of Slime)
 50959 | Slime:6  | Got a fine cloak
 50960 | Slime:6  | Identified the cursed -2 cloak of Cocytus {-Tele rF+++ rCorr Dex-2} (You found it on level 6 of the Pits of Slime)
 50985 | Slime:6  | Got a slimy rune of Zot
 51034 | Slime:6  | Identified the Volume of Scorching Attacks
 51812 | Vaults:3 | Noticed Frederick
 51816 | Vaults:3 | Killed Frederick
 51955 | Vaults:3 | Found Hysoam's Magic Scroll Shop.
 51963 | Vaults:3 | Bought a scroll of magic mapping for 73 gold pieces
 51963 | Vaults:3 | Bought a scroll of summoning for 199 gold pieces
 51963 | Vaults:3 | Bought a scroll of recharging for 199 gold pieces
 51963 | Vaults:3 | Bought a scroll of recharging for 199 gold pieces
 51963 | Vaults:3 | Bought a scroll of identify for 42 gold pieces
 51963 | Vaults:3 | Bought a scroll of fog for 42 gold pieces
 52156 | Vaults:3 | Noticed Donald
 52164 | Vaults:3 | Killed Donald
 52569 | Vaults:3 | Noticed Sojobo
 52569 | Vaults:3 | Noticed Agnes
 52569 | Vaults:3 | Noticed Wiglaf
 52584 | Vaults:3 | Reached skill level 24 in Crossbows
 52608 | Vaults:3 | Killed Agnes
 52643 | Vaults:3 | Killed Wiglaf
 52651 | Vaults:3 | Killed Sojobo
 53217 | Vaults:4 | Found Cidae's Distillery.
 53223 | Vaults:4 | Bought a potion of cancellation for 152 gold pieces
 53223 | Vaults:4 | Bought a potion of curing for 57 gold pieces
 53223 | Vaults:4 | Bought a potion of heal wounds for 95 gold pieces
 53223 | Vaults:4 | Bought a potion of heal wounds for 95 gold pieces
 53223 | Vaults:4 | Bought a potion of heal wounds for 95 gold pieces
 53315 | Vaults:4 | Found a flickering gateway to a bazaar.
 53338 | Bazaar   | Entered a bazaar
 53350 | Bazaar   | Found Voliedur's Food Shoppe.
 53350 | Bazaar   | Found Yptuom's Food Shoppe.
 53364 | Bazaar   | Found Culillos's Assorted Antiques.
 53364 | Bazaar   | Found Jomacwe's Distillery.
 53370 | Bazaar   | Bought a potion of cure mutation for 560 gold pieces
 53370 | Bazaar   | Bought a scroll of immolation for 56 gold pieces
 53382 | Bazaar   | Bought a potion of might for 44 gold pieces
 53382 | Bazaar   | Bought a potion of ambrosia for 88 gold pieces
 53382 | Bazaar   | Bought a potion of curing for 33 gold pieces
 53382 | Bazaar   | Bought a potion of magic for 88 gold pieces
 53382 | Bazaar   | Bought a potion of brilliance for 44 gold pieces
 53661 | Vaults:4 | Reached XP level 25. HP: 184/184 MP: 37/37
 53959 | Vaults:4 | Reached skill level 25 in Crossbows
 55169 | Depths:1 | Found a one-way gate leading to the halls of Pandemonium.
 55224 | Depths:1 | Found a gateway to Hell.
 55431 | Vaults:1 | Bought a spiked plate armour for 812 gold pieces
 55437 | Vaults:1 | Identified the +9 plate armour "Nyefoe" {MP-9 Dex+5} (You bought it in a shop on level 1 of the Vaults)
 55729 | Orc:4    | Bought a slimy plate armour for 784 gold pieces
 55729 | Orc:4    | Bought a scroll of identify for 56 gold pieces
 55733 | Orc:4    | Identified the +9 plate armour of Noughts and Crosses {rF+ Str-5 Dex+4} (You bought it in a shop on level 4 of the Orcish Mines)
 55735 | Orc:4    | Bought an ichor-stained plate armour for 784 gold pieces
 55735 | Orc:4    | Identified the +9 plate armour of Objectivity {Str+2} (You bought it in a shop on level 4 of the Orcish Mines)
 56793 | Depths:1 | Reached skill level 26 in Crossbows
 56793 | Depths:1 | Reached XP level 26. HP: 191/191 MP: 37/37
 57171 | Depths:2 | Noticed Mara
 57178 | Depths:2 | Noticed comborobin's illusion
 57178 | Depths:2 | Killed Mara
 57179 | Depths:2 | Killed Mara
 57832 | Depths:2 | Reached XP level 27. HP: 161/197 MP: 37/37
 58114 | Depths:3 | Found a one-way gate to the infinite horrors of the Abyss.
 58118 | Depths:3 | Found a gateway to a bazaar.
 58142 | Bazaar   | Entered a bazaar
 58151 | Bazaar   | Found Orghatwi's Distillery.
 58152 | Bazaar   | Found Pipuuh's Armour Shoppe.
 58156 | Bazaar   | Bought a potion of curing for 39 gold pieces
 58156 | Bazaar   | Bought a potion of curing for 39 gold pieces
 58156 | Bazaar   | Bought a potion of might for 52 gold pieces
 58156 | Bazaar   | Bought a potion of curing for 39 gold pieces
 58156 | Bazaar   | Bought a potion of curing for 39 gold pieces
 58156 | Bazaar   | Bought a potion of brilliance for 52 gold pieces
 58156 | Bazaar   | Bought a potion of might for 52 gold pieces
 58156 | Bazaar   | Bought a potion of ambrosia for 104 gold pieces
 58156 | Bazaar   | Bought a potion of resistance for 130 gold pieces
 58158 | Bazaar   | Found Ydyop's Book Emporium.
 58162 | Bazaar   | Bought a +4 scale mail of fire resistance for 403 gold pieces
 58167 | Bazaar   | Bought a book of Enchantments for 750 gold pieces
 58177 | Bazaar   | Learned a level 8 spell: Discord
 58192 | Bazaar   | Found Utwaot's Weapon Emporium.
 58202 | Bazaar   | Found Eshay's Assorted Antiques.
 58206 | Bazaar   | Bought a scroll of identify for 56 gold pieces
 58487 | Depths:3 | Reached skill level 27 in Crossbows
 58769 | Depths:3 | Reached skill level 17 in Hexes
 59089 | Depths:3 | Reached skill level 11 in Spellcasting
 59245 | Depths:3 | Reached skill level 11 in Armour
 59246 | Depths:3 | Reached skill level 18 in Hexes
 59795 | Depths:4 | Noticed Mennas
 59813 | Depths:4 | Killed Mennas
 59845 | Depths:4 | Reached skill level 12 in Armour
 60180 | Depths:4 | Reached skill level 19 in Hexes
 60436 | Depths:4 | Reached skill level 13 in Armour
 60739 | Depths:4 | Found a gateway to a ziggurat.
 60922 | Depths:4 | Reached skill level 12 in Spellcasting
 61180 | Depths:5 | Entered Level 5 of the Depths
 61255 | Depths:5 | Found a magical portal.
 61266 | WizLab   | Entered Lehudib's Moon Base
 61451 | WizLab   | Got a spiked leather armour
 61453 | WizLab   | Identified the +0 leather armour of Xuwkudgh {rF++} (You found it in a wizard's laboratory)
 61530 | WizLab   | Reached skill level 14 in Armour
 61671 | WizLab   | Reached skill level 20 in Hexes
 61693 | WizLab   | Gained mutation: You are somewhat resistant to further mutation. [potion of beneficial mutation]
 62293 | WizLab   | Identified Lehudib's Grimoire of Orientation and the Mountains
 62298 | WizLab   | Learned a level 3 spell: Portal Projectile
 62303 | WizLab   | Learned a level 4 spell: Passage of Golubria
 62334 | WizLab   | Got a scorched iron ring
 62335 | WizLab   | Identified the cursed ring "Ughamarph" {rElec rF+ AC-5 SInv} (You found it in a wizard's laboratory)
 62338 | WizLab   | Got an amethyst-encrusted plate armour
 62339 | WizLab   | Identified the +12 plate armour "Tozidiv" {rPois MR+ Str-4 Int+3} (You found it in a wizard's laboratory)
 62342 | WizLab   | Got an ichor-stained chain mail
 62343 | WizLab   | Identified the cursed +0 chain mail of Weirdness {Str+3} (You found it in a wizard's laboratory)
 62652 | Depths:5 | Reached skill level 15 in Armour
 62682 | Depths:5 | Reached skill level 13 in Spellcasting
 62802 | Depths:5 | Found a gate to the Realm of Zot.
 62873 | Depths:5 | Reached skill level 21 in Hexes
 63264 | Depths:5 | Found a shattered altar of Ashenzari.
 63549 | Zot:1    | Entered Level 1 of the Realm of Zot
 63747 | Zot:1    | Reached skill level 16 in Armour
 64768 | Zot:2    | Reached skill level 22 in Hexes
 64795 | Zot:2    | Noticed Tiamat
 64817 | Zot:2    | Reached skill level 14 in Spellcasting
 64869 | Zot:2    | Killed Tiamat
 65261 | Zot:2    | Got a spiked ice dragon armour {rC++, rF-}
 65262 | Zot:2    | Identified the cursed +1 ice dragon armour "Unuiqeo" {rF- rC++ Dex+3 Slay+3 Stlth-, rC++, rF-} (You found it on level 2 of the Realm of Zot)
 65276 | Zot:2    | Identified the Guide on Companions and Contamination
 65280 | Zot:2    | Got a faintly glowing bone ring
 65281 | Zot:2    | Identified the ring "Kahefub" {+Fly Str+3} (You found it on level 2 of the Realm of Zot)
 65861 | Zot:2    | Reached skill level 17 in Armour
 66684 | Zot:3    | Reached skill level 13 in Fighting
 66713 | Zot:3    | Reached skill level 23 in Hexes
 66907 | Zot:3    | Found a huge runed gate.
 66907 | Zot:3    | Found a huge runed gate.
 66907 | Zot:3    | Found a huge runed gate.
 66907 | Zot:3    | Found a huge runed gate.
 66907 | Zot:3    | Found a huge runed gate.
 66907 | Zot:3    | Found a huge runed gate.
 66915 | Zot:3    | Found a huge runed gate.
 66916 | Zot:3    | Found a huge runed gate.
 66919 | Zot:3    | Found a huge runed gate.
 66920 | Zot:3    | Found a huge runed gate.
 66920 | Zot:3    | Found a huge runed gate.
 66921 | Zot:3    | Found a huge runed gate.
 66927 | Zot:3    | Found a huge runed gate.
 66929 | Zot:3    | Found a huge runed gate.
 66929 | Zot:3    | Found a huge runed gate.
 66929 | Zot:3    | Found a huge runed gate.
 66929 | Zot:3    | Found a huge runed gate.
 66929 | Zot:3    | Found a huge runed gate.
 66939 | Zot:3    | Found a huge runed gate.
 66940 | Zot:3    | Found a huge runed gate.
 66941 | Zot:3    | Found a huge runed gate.
 66942 | Zot:3    | Found a huge runed gate.
 67369 | Zot:3    | Found a huge runed gate.
 67369 | Zot:3    | Found a huge runed gate.
 67369 | Zot:3    | Found a huge runed gate.
 67400 | Zot:3    | Found a huge runed gate.
 67401 | Zot:3    | Found a huge runed gate.
 67402 | Zot:3    | Found a huge runed gate.
 67402 | Zot:3    | Found a huge runed gate.
 67402 | Zot:3    | Found a huge runed gate.
 67402 | Zot:3    | Found a huge runed gate.
 67404 | Zot:3    | Found a huge runed gate.
 67404 | Zot:3    | Found a huge runed gate.
 67404 | Zot:3    | Found a huge runed gate.
 67695 | Zot:3    | Noticed an orb of fire
 67695 | Zot:3    | Noticed an orb of fire
 67696 | Zot:3    | Noticed an ancient lich
 67696 | Zot:3    | Noticed an orb of fire
 67707 | Zot:3    | Killed an orb of fire
 67707 | Zot:3    | Reached skill level 18 in Armour
 67707 | Zot:3    | Killed an ancient lich
 67708 | Zot:3    | Reached skill level 14 in Fighting
 67725 | Zot:3    | HP: 50/204 [orb of fire/bolt of fire (15)]
 67727 | Zot:3    | Killed an orb of fire
 67730 | Zot:3    | Killed an orb of fire
 67887 | Zot:5    | Entered Level 5 of the Realm of Zot
 69065 | Zot:5    | Reached skill level 15 in Fighting
 69065 | Zot:5    | Reached skill level 24 in Hexes
 69151 | Zot:5    | Noticed an ancient lich
 69152 | Zot:5    | Reached skill level 19 in Armour
 69156 | Zot:5    | Killed an ancient lich
 69165 | Zot:5    | Noticed an orb of fire
 69172 | Zot:5    | Killed an orb of fire
 69319 | Zot:5    | Got the Orb of Zot
 69533 | D:15     | Noticed Xeedairch the pandemonium lord
 69849 | D:$      | Escaped with the Orb!

Vault maps used:
D:1:      mrwooster_arrival_statue_2, dk_noncrumbling_4
D:2:      nrook_uturn, uniq_iyjb, uniq_crazy_yiuf_cottage
D:3:      yredelemnul_altar_generic, ecumenical_altar_2,
          hangedman_feature_mirror, minmay_misc_feat_alley,
          minmay_rats_cheesy_pizza, uniq_robin
D:4:      first_bread
D:5:      minmay_splitting_lines, uniq_grinder, uniq_pikel
D:6:      kennysheep_generic_room_4
D:7:      cheibrodos_worm_habitat, minmay_temple_entry_statues_fountains,
          basic_altar, the_bakery, lemuel_oklob_altar
D:8:      minmay_cut_squares, grunt_qazlal_clouds, uniq_psyche
D:9:      gammafunk_temple_overflow_claw, gammafunk_temple_overflow_pools,
          david_orc_5
D:10:     serial_shops, shop
D:12:     lemuel_insect_pit, fedhas_bush_and_centaur_altar, uniq_azrael,
          uniq_gastronok, uniq_nessos
D:13:     hangedman_vaults_entry_quadrant_bands, uniq_kirke, uniq_maurice
D:14:     lightli_vaults_fourway_checkpoint, minmay_misc_feat_square,
          serial_shops, nicolae_shop_waterfront, hangedman_decor_slide_cut
D:15:     gammafunk_enter_depths_forms, hangedman_abyss_or_decor_lesser_grid,
          grunt_decor_mini_mirrors
Temple:   triangle_lava_temple_11
Lair:1:   nicolae_quartered_pool_super, wad_woods_road_02
Lair:2:   portal_ice_cave_entry_imps, ldierk_geyser, uniq_harold
Lair:3:   eino_house_with_fridge
Lair:4:   uniq_josephine
Lair:5:   grunt_megastairs_3, bh_autumn_forest_stairs
Lair:6:   shoals_dummy_entry, nicolae_spider_entry_tight_spaces,
          bobbens_ice_dragon_lair, infiniplex_staircase_pool_2
Lair:7:   lab_entry_generic, infiniplex_staircase_pool
Lair:8:   wormcave, guppyfry_lair_end_dragon, dpeg_slime_entry_enclosed_altar,
          small_statue_intersection, st_stairs_7
Shoals:1: ldierk_geyser, centaur_isle
Shoals:2: serial_shops, shop, shop, nicolae_shop_temple_entry_statues_fountains,
          shop, nicolae_shop_temple_entry_statues_fountains
Shoals:4: shoals_end_simple, shoals_ilsuiw_alternative, hangedman_shoal_octodias
Spider:1: worms_lemuel, uniq_aizul
Spider:4: spider_rune_water
Slime:1:  cheibrodos_slime_lost_civilization_5
Slime:3:  nicolae_slime_pool, uniq_dissolution
Slime:5:  nicolae_slime_round_cave
Orc:2:    serial_shops, nicolae_shop_waterfront
Orc:3:    serial_shops, shop, basic_altar, nicolae_orc_pool_cavern
Orc:4:    grunt_orc_tribal_feast, serial_shops, shop, basic_altar, trog_book
Elf:1:    eino_elf_arrival_customs, minmay_elf_sorcery
Elf:2:    serial_shops, shop_statue
Elf:3:    minmay_elf_hall_dome, grunt_ministairs_5, corner_web_ring
Vaults:1: v_misc_33, hangedman_vaults_snaps, grunt_vaults_hallway_long,
          v_misc_27, vaults_dpeg_encased_lava, vaults_room_door_hall,
          hangedman_vaults_corner, nicolae_vaults_what_the_h,
          vaults_dpeg_diagonal, nicolae_vaults_diagonal_hallway_9,
          vaults_dpeg_cross, serial_shops, nicolae_shop_crystal
Vaults:2: v_pattern_4, nicolae_vaults_big_angled_halls,
          hangedman_vaults_slither, grunt_vaults_hallway_short,
          minmay_crypt_entry_simple_walls, vaults_room_grid, v_alt_pattern_4
Vaults:3: ontoclasm_vaults_ligature, vaults_room_pools, v_misc_13, v_pattern_2,
          vaults_room_fancy_cross, nicolae_vaults_alarming, sword_in_stone,
          nicolae_vaults_little_squares_6, v_misc_13, v_misc_19,
          nicolae_vaults_theta, uniq_donald, uniq_frederick
Vaults:4: v_misc_22, nicolae_vaults_ninety_degrees, v_alt_pattern_4,
          nicolae_vaults_asterisk, v_misc_9, hangedman_vaults_slice,
          nicolae_vaults_shelves_hall, nicolae_vaults_angled_halls,
          ontoclasm_vaults_pinch, v_misc_25, nicolae_vaults_three_branches,
          v_misc_3, st_more_cells, v_alt_pattern_6, serial_ice_g,
          nicolae_vaults_little_squares_4, serial_shops, bzr_entry_gold
Crypt:2:  lemuel_vampire_tower
Crypt:3:  grunt_crypt_end_deaths_head
Depths:1: minmay_misc_feat_enclosed, grunt_pan_entry_spiral, hell_entry,
          corexii_hall_statues_x, minmay_hollow_rounded_squares,
          serial_bayou_shore_b
Depths:2: hourglass_vault, grunt_mini_vestibule, uniq_mara, uniq_sojobo
Depths:3: evilmike_marble_ring, hellmouth_1, infiniplex_staircase_x,
          abyss_entry, serial_shops, bzr_in_the_mist, pan_entry,
          kilobyte_rumbling_trees
Depths:4: hangedman_cross_cluster, enter_ziggurat_d, abyss_entry_crystal,
          grunt_hell_entry_dis_mu, hangedman_decor_growths,
          serial_bayou_shore_a, uniq_mennas
Depths:5: grunt_zot_entry_funnels, abyss_entry_small_statue_room,
          grunt_pan_entry_sceptre, lightli_enter_wizlab_magi_temple,
          ashenzari_altar_1, hell_entry
Zot:2:    minmay_elemental_castle, st_grand_hoard_of_tiamat
Zot:3:    grunt_zot_stairs_faceoff, door_vault
Lab:      nicolae_lab_checkerboard, nicolae_lab_arrow, nicolae_lab_diamond,
          nicolae_lab_lava, nicolae_lab_very_dead_end,
          labyrinth_skeletal_remains
Bazaar:   grunt_bazaar_doublecross, bazaar_kb_twisted_cavern
IceCv:    ice_cave_small_necro
WizLab:   wizlab_lehudib

Action                   |  1- 3 |  4- 6 |  7- 9 | 10-12 | 13-15 | 16-18 | 19-21 | 22-24 | 25-27 || total
-------------------------+-------+-------+-------+-------+-------+-------+-------+-------+-------++-------
Melee: Unarmed           |    21 |       |       |       |       |       |       |       |       ||    21
       Trident           |   120 |    15 |       |       |       |   236 |   131 |       |       ||   502
       Quarterstaff      |       |   135 |    36 |    68 |       |       |       |       |       ||   239
       Spear             |       |    20 |   213 |   820 |       |       |       |       |       ||  1053
       Hand axe          |       |       |       |   169 |   694 |   817 |       |       |       ||  1680
       Demon trident     |       |       |       |       |    23 |       |       |       |       ||    23
       Flail             |       |       |       |       |       |     3 |       |       |       ||     3
       Bardiche          |       |       |       |       |       |     9 |  1055 |    59 |    18 ||  1141
 Fire: Hand crossbow     |     2 |    16 |    14 |    44 |       |       |       |       |       ||    76
       Blowgun           |       |     7 |    22 |    15 |       |       |       |       |       ||    44
       Triple crossbow   |       |       |       |    16 |   428 |   691 |   728 |  1357 |  2088 ||  5308
       Arbalest          |       |       |       |     3 |       |       |       |       |       ||     3
Throw: Tomahawk          |       |    26 |    13 |       |       |       |       |       |       ||    39
 Cast: Corona            |    20 |    17 |    27 |     5 |       |       |       |       |       ||    69
       Slow              |     9 |    19 |    46 |    14 |    10 |     1 |       |       |       ||    99
       Cause Fear        |       |       |     3 |     5 |    16 |     4 |       |       |       ||    28
       Confuse           |       |       |     4 |   132 |   199 |   153 |     5 |     1 |     3 ||   497
       Inner Flame       |       |       |     4 |    15 |    32 |     4 |     4 |       |       ||    59
       Tukima's Dance    |       |       |       |    36 |     6 |    21 |    32 |    48 |    17 ||   160
       Repel Missiles    |       |       |       |     3 |     2 |     4 |     1 |     1 |     8 ||    19
       Apportation       |       |       |       |     5 |       |     2 |     5 |     2 |     5 ||    19
       Regeneration      |       |       |       |       |       |     3 |    16 |    58 |    51 ||   128
       Invisibility      |       |       |       |       |       |       |       |     3 |     1 ||     4
       Silence           |       |       |       |       |       |       |       |       |     5 ||     5
       Discord           |       |       |       |       |       |       |       |       |    39 ||    39
Invok: Call Merchant     |       |       |       |       |       |     5 |     1 |     2 |       ||     8
       Potion Petition   |       |       |       |       |       |       |     1 |     2 |       ||     3
 Abil: Dig               |       |       |       |     5 |     7 |    13 |    12 |     8 |    20 ||    65
       Shaft Self        |       |       |       |     1 |       |     1 |       |       |       ||     2
       Evoke Flight      |       |       |       |       |     1 |       |       |     3 |       ||     4
Evoke: Rod               |       |       |       |    14 |     5 |     9 |    11 |       |       ||    39
       Wand              |       |       |       |     6 |     2 |    18 |     7 |     2 |     2 ||    37
       Deck              |       |       |       |       |     3 |     2 |     3 |     2 |     2 ||    12
       Lamp of fire      |       |       |       |       |       |     2 |     2 |       |       ||     4
       Fan of gales      |       |       |       |       |       |       |       |       |     1 ||     1
  Use: Scroll            |     1 |       |    10 |    11 |    13 |    16 |    17 |    17 |    16 ||   101
       Potion            |     2 |       |       |       |     1 |    10 |     3 |     2 |    17 ||    35
 Stab: Sleeping          |       |     5 |     9 |     2 |       |       |     4 |       |       ||    20
       Paralysed         |       |     3 |       |     5 |       |       |       |       |       ||     8
       Confused          |       |       |       |    51 |    56 |    78 |     4 |       |       ||   189
       Distracted        |       |       |       |     1 |     1 |     3 |    13 |     3 |       ||    21
       Fleeing           |       |       |       |       |       |       |     1 |       |       ||     1
  Eat: Chunk             |     3 |     4 |    11 |       |       |       |       |       |       ||    18
       Bread ration      |     1 |       |       |     8 |     3 |     7 |       |       |     5 ||    24
       Meat ration       |       |       |     1 |     3 |     3 |     3 |     8 |     6 |     8 ||    32
       Beef jerky        |       |       |     1 |     1 |     3 |     1 |     6 |       |     2 ||    14
       Pizza             |       |       |       |       |       |     5 |       |     3 |     6 ||    14
       Fruit             |       |       |       |       |       |     5 |     6 |       |       ||    11
       Royal jelly       |       |       |       |       |       |       |     1 |     1 |       ||     2

Vault maps used:
D:1:      mrwooster_arrival_statue_2, dk_noncrumbling_4
D:2:      nrook_uturn, uniq_iyjb, uniq_crazy_yiuf_cottage
D:3:      yredelemnul_altar_generic, ecumenical_altar_2,
          hangedman_feature_mirror, minmay_misc_feat_alley,
          minmay_rats_cheesy_pizza, uniq_robin
D:4:      first_bread
D:5:      minmay_splitting_lines, uniq_grinder, uniq_pikel
D:6:      kennysheep_generic_room_4
D:7:      cheibrodos_worm_habitat, minmay_temple_entry_statues_fountains,
          basic_altar, the_bakery, lemuel_oklob_altar
D:8:      minmay_cut_squares, grunt_qazlal_clouds, uniq_psyche
D:9:      gammafunk_temple_overflow_claw, gammafunk_temple_overflow_pools,
          david_orc_5
D:10:     serial_shops, shop
D:12:     lemuel_insect_pit, fedhas_bush_and_centaur_altar, uniq_azrael,
          uniq_gastronok, uniq_nessos
D:13:     hangedman_vaults_entry_quadrant_bands, uniq_kirke, uniq_maurice
D:14:     lightli_vaults_fourway_checkpoint, minmay_misc_feat_square,
          serial_shops, nicolae_shop_waterfront, hangedman_decor_slide_cut
D:15:     gammafunk_enter_depths_forms, hangedman_abyss_or_decor_lesser_grid,
          grunt_decor_mini_mirrors
Temple:   triangle_lava_temple_11
Lair:1:   nicolae_quartered_pool_super, wad_woods_road_02
Lair:2:   portal_ice_cave_entry_imps, ldierk_geyser, uniq_harold
Lair:3:   eino_house_with_fridge
Lair:4:   uniq_josephine
Lair:5:   grunt_megastairs_3, bh_autumn_forest_stairs
Lair:6:   shoals_dummy_entry, nicolae_spider_entry_tight_spaces,
          bobbens_ice_dragon_lair, infiniplex_staircase_pool_2
Lair:7:   lab_entry_generic, infiniplex_staircase_pool
Lair:8:   wormcave, guppyfry_lair_end_dragon, dpeg_slime_entry_enclosed_altar,
          small_statue_intersection, st_stairs_7
Shoals:1: ldierk_geyser, centaur_isle
Shoals:2: serial_shops, shop, shop, nicolae_shop_temple_entry_statues_fountains,
          shop, nicolae_shop_temple_entry_statues_fountains
Shoals:4: shoals_end_simple, shoals_ilsuiw_alternative, hangedman_shoal_octodias
Spider:1: worms_lemuel, uniq_aizul
Spider:4: spider_rune_water
Slime:1:  cheibrodos_slime_lost_civilization_5
Slime:3:  nicolae_slime_pool, uniq_dissolution
Slime:5:  nicolae_slime_round_cave
Orc:2:    serial_shops, nicolae_shop_waterfront
Orc:3:    serial_shops, shop, basic_altar, nicolae_orc_pool_cavern
Orc:4:    grunt_orc_tribal_feast, serial_shops, shop, basic_altar, trog_book
Elf:1:    eino_elf_arrival_customs, minmay_elf_sorcery
Elf:2:    serial_shops, shop_statue
Elf:3:    minmay_elf_hall_dome, grunt_ministairs_5, corner_web_ring
Vaults:1: v_misc_33, hangedman_vaults_snaps, grunt_vaults_hallway_long,
          v_misc_27, vaults_dpeg_encased_lava, vaults_room_door_hall,
          hangedman_vaults_corner, nicolae_vaults_what_the_h,
          vaults_dpeg_diagonal, nicolae_vaults_diagonal_hallway_9,
          vaults_dpeg_cross, serial_shops, nicolae_shop_crystal
Vaults:2: v_pattern_4, nicolae_vaults_big_angled_halls,
          hangedman_vaults_slither, grunt_vaults_hallway_short,
          minmay_crypt_entry_simple_walls, vaults_room_grid, v_alt_pattern_4
Vaults:3: ontoclasm_vaults_ligature, vaults_room_pools, v_misc_13, v_pattern_2,
          vaults_room_fancy_cross, nicolae_vaults_alarming, sword_in_stone,
          nicolae_vaults_little_squares_6, v_misc_13, v_misc_19,
          nicolae_vaults_theta, uniq_donald, uniq_frederick
Vaults:4: v_misc_22, nicolae_vaults_ninety_degrees, v_alt_pattern_4,
          nicolae_vaults_asterisk, v_misc_9, hangedman_vaults_slice,
          nicolae_vaults_shelves_hall, nicolae_vaults_angled_halls,
          ontoclasm_vaults_pinch, v_misc_25, nicolae_vaults_three_branches,
          v_misc_3, st_more_cells, v_alt_pattern_6, serial_ice_g,
          nicolae_vaults_little_squares_4, serial_shops, bzr_entry_gold
Crypt:2:  lemuel_vampire_tower
Crypt:3:  grunt_crypt_end_deaths_head
Depths:1: minmay_misc_feat_enclosed, grunt_pan_entry_spiral, hell_entry,
          corexii_hall_statues_x, minmay_hollow_rounded_squares,
          serial_bayou_shore_b
Depths:2: hourglass_vault, grunt_mini_vestibule, uniq_mara, uniq_sojobo
Depths:3: evilmike_marble_ring, hellmouth_1, infiniplex_staircase_x,
          abyss_entry, serial_shops, bzr_in_the_mist, pan_entry,
          kilobyte_rumbling_trees
Depths:4: hangedman_cross_cluster, enter_ziggurat_d, abyss_entry_crystal,
          grunt_hell_entry_dis_mu, hangedman_decor_growths,
          serial_bayou_shore_a, uniq_mennas
Depths:5: grunt_zot_entry_funnels, abyss_entry_small_statue_room,
          grunt_pan_entry_sceptre, lightli_enter_wizlab_magi_temple,
          ashenzari_altar_1, hell_entry
Zot:2:    minmay_elemental_castle, st_grand_hoard_of_tiamat
Zot:3:    grunt_zot_stairs_faceoff, door_vault
Lab:      nicolae_lab_checkerboard, nicolae_lab_arrow, nicolae_lab_diamond,
          nicolae_lab_lava, nicolae_lab_very_dead_end,
          labyrinth_skeletal_remains
Bazaar:   grunt_bazaar_doublecross, bazaar_kb_twisted_cavern
IceCv:    ice_cave_small_necro
WizLab:   wizlab_lehudib

Table legend:
 A = Turns spent in this place as a percentage of turns spent in the entire game.
 B = Non-inter-level travel turns spent in this place as a percentage of non-inter-level travel turns spent in the entire game.
 C = Inter-level travel turns spent in this place as a percentage of turns spent in this place.
 D = Turns resting spent in this place as a percentage of non-inter-level travel turns spent in this place.
 E = Turns spent auto-exploring this place as a percentage of non-inter-level travel turns spent in this place.
 F = Non-inter-level travel turns spent in this place divided by the number of levels of this place that you've seen.
                   A       B       C       D       E      F
               +-------+-------+-------+-------+-------+----------------------
         Total | 100.0 | 100.0 |   0.4 |   0.9 |   1.4 | 670.1
       Dungeon |  25.1 |  25.0 |   0.6 |   0.4 |   0.3 | 748.7
        Temple |   0.1 |   0.1 |   0.0 |   0.0 |   0.0 |  59.0
          Lair |  16.3 |  16.3 |   0.6 |   0.2 |   0.0 | 914.1
        Shoals |   3.1 |   3.1 |   0.7 |   0.0 |   5.4 | 346.8
   Spider Nest |   9.1 |   9.1 |   0.2 |   2.1 |   0.1 | 1020.5
    Slime Pits |   1.8 |   1.8 |   0.1 |   0.0 |   0.0 | 134.3
  Orcish Mines |   8.2 |   8.1 |   0.6 |   0.9 |   0.0 | 913.0
   Elven Halls |   7.2 |   7.2 |   0.1 |   4.9 |   0.8 | 1073.3
        Vaults |   8.6 |   8.6 |   0.4 |   1.0 |   2.8 | 966.2
         Crypt |   6.7 |   6.7 |   0.4 |   0.0 |   0.1 | 998.0
        Depths |   5.4 |   5.4 |   0.4 |   0.0 |  10.1 | 487.4
           Zot |   4.7 |   4.7 |   0.1 |   0.3 |   5.4 | 422.2
     Labyrinth |   0.3 |   0.3 |   0.0 |   0.0 |   0.0 | 136.0
        Bazaar |   0.3 |   0.3 |   0.0 |   0.0 |   0.8 |  62.0
      Ice Cave |   1.8 |   1.8 |   0.0 |   1.0 |   0.0 | 798.0
        Wizlab |   1.5 |   1.5 |   0.0 |   0.0 |   1.9 | 679.0
               +-------+-------+-------+-------+-------+----------------------

Table legend:
 A = Kills in this place as a percentage of kills in entire the game.
 B = Kills by you in this place as a percentage of kills by you in the entire game.
 C = Kills by friends in this place as a percentage of kills by friends in the entire game.
 D = Other kills in this place as a percentage of other kills in the entire game.
 E = Experience gained in this place as a percentage of experience gained in the entire game.
 F = Experience gained in this place divided by the number of levels of this place that you have seen.
                   A       B       C       D       E      F
               +-------+-------+-------+-------+-------+----------------------
         Total | 100.0 | 100.0 | 100.0 | 100.0 | 100.0 | 22641.3
       Dungeon |  17.1 |  17.4 |  12.3 |  18.3 |   4.4 | 4438.4
          Lair |  11.9 |  12.4 |   2.7 |  16.9 |   4.7 | 9000.9
        Shoals |   4.9 |   4.6 |  10.7 |   0.0 |   5.1 | 19337.0
   Spider Nest |   7.2 |   7.3 |   2.7 |  14.1 |   5.6 | 21188.2
    Slime Pits |   2.2 |   2.3 |   0.0 |   1.4 |   3.7 | 9283.8
  Orcish Mines |   8.4 |   7.6 |  20.9 |   8.5 |   0.9 | 3493.8
   Elven Halls |   5.0 |   5.0 |   4.3 |   4.2 |   6.2 | 31463.3
        Vaults |  12.9 |  13.7 |   5.9 |   0.0 |  12.3 | 46689.2
         Crypt |   8.4 |   8.9 |   2.7 |   2.8 |   9.8 | 49733.3
        Depths |  11.7 |  11.7 |  12.3 |   8.5 |  19.6 | 59562.0
           Zot |   6.8 |   5.5 |  25.1 |   9.9 |  23.5 | 71412.8
     Labyrinth |   0.0 |   0.0 |   0.0 |   0.0 |   0.1 | 1078.0
      Ice Cave |   1.8 |   1.7 |   0.0 |   9.9 |   0.4 | 5388.0
        Wizlab |   1.8 |   1.8 |   0.5 |   5.6 |   3.6 | 54915.0
               +-------+-------+-------+-------+-------+----------------------
